 Dungeon Crawl Stone Soup version 0.22.1-2-g9c5b331383 (webtiles) character file.

3162 Peloso the Blocker (level 9, 0/85 HPs)
             Began as a Minotaur Fighter on Nov 27, 2018.
             Was a Priest of Okawaru.
             Slain by a raiju (8 damage)
             ... on level 1 of the Abyss.
             The game lasted 00:16:19 (7147 turns).

Peloso the Blocker (Minotaur Fighter)               Turns: 7147, Time: 00:16:20

Health: 0/85       AC: 17    Str: 21 (22) XL:     9   Next: 63%
Magic:  8/8        EV:  6    Int:  5      God:    Okawaru [***...]
Gold:   423        SH: 12    Dex:  9 (12) Spells: 8/8 levels left

rFire    . . .     SeeInvis .   a - +0 long sword
rCold    . . .     Gourm    .   c - +1 shield
rNeg     . . .     Faith    .   i - +0 plate armour
rPois    .         Spirit   .   (helmet restricted)
rElec    .         Reflect  .   (no cloak)
rCorr    .         Harm     .   k - +0 pair of gloves
MR       .....                  p - +2 pair of boots
Stlth    ..........             (no amulet)
HPRegen  0.24/turn              (no ring)
MPRegen  0.11/turn              (no ring)

@: about to teleport
A: retaliatory headbutt, horns 2, talons 1, deterioration 1, robust 1,
MP-powered wands
a: Heroism, Renounce Religion


You were on level 1 of the Abyss.
You worshipped Okawaru.
Okawaru was most pleased with you.
You were hungry.

You visited 1 branch of the dungeon, and saw 8 of its levels.
You visited the Abyss 1 time.

You collected 423 gold pieces.

Inventory:

Hand Weapons
 a - a +0 long sword (weapon)
 b - the +4 dagger of Mealiug {freeze, Str+6}
   (You found it on level 6 of the Dungeon)

   It has been specially enchanted to freeze those struck by it, causing extra
   injury to most foes and up to half again as much damage against particularly
   susceptible opponents.
   It can also slow down cold-blooded creatures.
   It affects your strength (+6).
Armour
 c - a +1 shield (worn)
 i - a +0 plate armour (worn)
 k - a +0 pair of gloves (worn)
 p - a +2 pair of boots (worn)
Wands
 m - a wand of polymorph (18)
 o - a wand of iceblast (7)
Scrolls
 h - a scroll of amnesia
 j - 2 scrolls of teleportation
 l - a scroll of magic mapping
 n - a scroll of blinking
 q - a scroll of remove curse
 t - a scroll of enchant weapon
 u - 2 scrolls of enchant armour
 w - a scroll of fear
Potions
 d - 3 potions of might
 e - a potion of heal wounds
 g - a potion of cancellation
 r - 3 potions of haste
 s - 4 potions of flight
Comestibles
 f - 17 rations


   Skills:
 + Level 6.9 Fighting
 + Level 3.6(6.5) Short Blades
 + Level 9.3(9.6) Long Blades
 + Level 7.2 Armour
 + Level 2.5 Dodging
 + Level 0.2 Stealth
 + Level 9.6 Shields
 + Level 0.3 Evocations


You had 8 spell levels left.
You didn't know any spells.
Your spell library contained the following spells:

 Spells                   Type           Power        Failure   Level  Hunger
 Animate Skeleton         Necr           N/A          100%        1    ##.....
 Pain                     Necr           #...         100%        1    ##.....
 Regeneration             Chrm/Necr      #.........   100%        3    ####...
 Vampiric Draining        Necr           #.........   100%        3    ####...
 Animate Dead             Necr           N/A          100%        4    #####..


Dungeon Overview and Level Annotations

Branches:
Dungeon (8/15)             Temple (0/1) D:6
   Lair: D:8-11

Altars:
Ashenzari
Cheibriados
Dithmenos
Hepliaklqana
Makhleb
Nemelex Xobeh
Okawaru
Qazlal
Trog
Yredelemnul

Shops:
D:4 %   D:6 %

Annotations:
D:8 Psyche


Innate Abilities, Weirdness & Mutations

You reflexively headbutt those who attack you in melee.
You have a pair of horns on your head.
You have sharp toenails.
Your body sometimes deteriorates upon taking damage.
You are robust. (+10% HP)
You expend magic power (3 MP) to strengthen your wands.


Message History

You block the raiju's attack. x2
You miss the raiju. You block the raiju's attack.
The raiju bursts into living lightning!
The living lightning hits you!
Your body deteriorates!
You feel clumsy.
The raiju blinks!
You block the raiju's attack.
The raiju bursts into living lightning!
The living lightning misses you.
The raiju blinks!
As you read the scroll of teleportation, it crumbles to dust.
You feel strangely unstable.
You feel the power of the Abyss delaying your translocation!
The raiju bites you.
* * * LOW HITPOINT WARNING * * *
The raiju shocks you!
* * * LOW HITPOINT WARNING * * *
Your body deteriorates!
You feel clumsy.
You barely miss the raiju. The raiju bites you.
* * * LOW HITPOINT WARNING * * *
The raiju shocks you!
You die...

# .. ... ##. .#
.... .. ..##.
..# ..# #...#
###..##..#
#..#..#.......
.....#.#....
###.##h.#..#
..#.##.#..##..#
##..#.##@h......
#.# #.##h......
## #### ..##..#
#..## # ..## #
###..# ##.#.##
#.###......#
#..###.... #
##...#..# ###..
..##.


You could see 3 raiju.

Vanquished Creatures
  Grinder (D:4)
  Prince Ribbit (D:7)
  Eustachio (D:6)
  3 ogres (D:7)
  3 orc warriors
  2 centaurs
  A big kobold (D:7)
  A bullfrog (D:6)
  A gnoll sergeant (D:6)
  2 scorpions
  4 killer bees (D:7)
  3 howler monkeys
  A crimson imp (D:7)
  2 jellies (D:7)
  A quasit (D:7)
  2 bullfrog skeletons
  7 hounds
  4 orc priests
  9 orc wizards
  Jessica (D:2)
  2 iguanas
  8 worker ants
  2 hound skeletons
  4 gnolls
  10 adders
  A shadow imp (D:7)
  3 worms
  A dart slug (D:2)
  7 leopard geckos
  34 orcs
  A ball python (D:5)
  7 giant cockroaches
  9 hobgoblins
  14 jackals
  11 kobolds
  3 quokkas
  10 bats
  7 frilled lizards
  A giant cockroach zombie (D:5)
  8 goblins
  A jackal skeleton (D:5)
  A leopard gecko skeleton (D:4)
  11 rats
206 creatures vanquished.

Notes
Turn   | Place    | Note
-------+----------+-------------------------------------------
     0 | D:1      | Peloso the Minotaur Fighter began the quest for the Orb.
     0 | D:1      | Reached XP level 1. HP: 19/19 MP: 0/0
    41 | D:1      | Reached XP level 2. HP: 18/26 MP: 1/1
   223 | D:1      | Reached XP level 3. HP: 30/33 MP: 2/2
   784 | D:2      | Reached skill level 5 in Shields
   795 | D:2      | Reached XP level 4. HP: 40/40 MP: 3/3
   891 | D:2      | Noticed Jessica
   896 | D:2      | Killed Jessica
   905 | D:2      | Found an iron altar of Okawaru.
   920 | D:2      | Became a worshipper of Warmaster Okawaru
  1383 | D:3      | Reached XP level 5. HP: 46/46 MP: 4/4
  1470 | D:3      | Found a shadowy altar of Dithmenos.
  1878 | D:3      | Reached skill level 5 in Long Blades
  2399 | D:3      | Reached XP level 6. HP: 46/52 MP: 5/5
  2414 | D:3      | Reached skill level 1 in Dodging
  2577 | D:4      | Found Plog's Food Shoppe.
  2585 | D:4      | Reached * piety under Okawaru
  2703 | D:4      | Reached skill level 5 in Armour
  2703 | D:4      | Reached XP level 7. HP: 33/60 MP: 6/6
  2746 | D:4      | Found a burning altar of Makhleb.
  2879 | D:4      | Found a hazy altar of Hepliaklqana.
  2881 | D:4      | Found a snail-covered altar of Cheibriados.
  2882 | D:4      | Found a basalt altar of Yredelemnul.
  2923 | D:4      | Noticed Grinder
  2948 | D:4      | Killed Grinder
  2983 | D:5      | Entered Level 5 of the Dungeon
  3541 | D:5      | Reached ** piety under Okawaru
  3541 | D:5      | Reached skill level 5 in Fighting
  3629 | D:5      | Reached XP level 8. HP: 63/68 MP: 7/7
  4099 | D:6      | Found a stormy altar of Qazlal.
  4118 | D:6      | Got a warped dagger
  4119 | D:6      | Identified the +4 dagger of Mealiug {freeze, Str+6} (You
                  | found it on level 6 of the Dungeon)
  4227 | D:6      | Noticed Eustachio
  4231 | D:6      | Reached skill level 1 in Short Blades
  4268 | D:6      | Killed Eustachio
  4457 | D:6      | Found a shattered altar of Ashenzari.
  4508 | D:6      | Found Tuyl Lachu's Food Emporium.
  4588 | D:6      | Found a staircase to the Ecumenical Temple.
  5288 | D:7      | Reached *** piety under Okawaru
  5329 | D:7      | Found a sparkling altar of Nemelex Xobeh.
  5441 | D:7      | Gained mutation: You are robust. (+10% HP) [potion of
                  | mutation]
  5441 | D:7      | Gained mutation: You expend magic power (3 MP) to
                  | strengthen your wands. [potion of mutation]
  5441 | D:7      | Gained mutation: Your body sometimes deteriorates upon
                  | taking damage. [potion of mutation]
  5441 | D:7      | Gained mutation: You have sharp toenails. [potion of
                  | mutation]
  5451 | D:7      | HP: 1/78 [big kobold/whip of electrocution (13)]
  5452 | D:7      | Reached XP level 9. HP: 1/85 MP: 8/8
  6044 | D:7      | Noticed Prince Ribbit
  6069 | D:7      | Found a bloodstained altar of Trog.
  6344 | D:7      | Killed Prince Ribbit
  7078 | D:8      | Noticed Psyche
  7094 | D:8      | Cast into level 1 of the Abyss (Psyche)
  7094 | Abyss:1  | Found a stormy altar of Qazlal.
  7147 | Abyss:1  | Slain by a raiju

Skill      XL: |  1  2  3  4  5  6  7  8  9 |
---------------+----------------------------+-----
Shields        | 4 5 6 8 9 |  9.6
Armour         | 4 5 6 7 |  7.2
Long Blades    | 3 5 6 7 8 9 |  9.3
Fighting       | 4 5 6 |  6.9
Dodging        | 1 2 |  2.5
Short Blades   | 3 |  3.6
Stealth        | |  0.2
Evocations     | |  0.3

Action                   |  1- 3 |  4- 6 |  7- 9 || total
-------------------------+-------+-------+-------++-------
Melee: Long sword        |   110 |   188 |   340 ||   638
       Headbutt          |    11 |    26 |    80 ||   117
       Rapier            |       |       |   105 ||   105
       Dagger            |       |       |    25 ||    25
Invok: Heroism           |       |       |     2 ||     2
Evoke: Wand              |       |       |     5 ||     5
  Use: Scroll            |       |     8 |     6 ||    14
       Potion            |       |       |     5 ||     5
  Eat: Chunk             |       |     6 |    11 ||    17
       Ration            |       |       |     1 ||     1
Armor: Scale mail        |    59 |    11 |       ||    70
       Chain mail        |       |    66 |    86 ||   152
       Plate armour      |       |       |   176 ||   176
Dodge: Dodged            |    35 |    48 |   119 ||   202
Block: Shield            |    67 |   105 |   326 ||   498
       Rpst.: Long sword |    12 |    18 |    26 ||    56
